cohdb
Replays
Latest Replays
All Replays
Popular Replays
Top Player Replays
Match Explorer
How It Works
Community
CoH3 Stats
Reddit
Sign in to upload your games and track your stats! →
Sign in with Steam
Match 24175295
Unlisted
Match 24175295
Overview
Messages
Build Orders
End
Panzergrenadier Squad
Kradschützen Motorcycle Team
Panzergrenadier Squad
Construct Light Support Kompanie
2.5-tonne Medical Truck
MG34 Team
Fire Support Elements
Pak 38 Mechanized Group
Selects Italian Infantry
Selects Defensive Operations
Panzerpioneer Squad
Veteran Squad Leaders
Combat Half-tracks
Selects Guastatori Squad
Selects L6/40 Light Tank Combat Group
Flakvierling Half-track
Construct Panzerarmee Kommand
Selects Towed Cannone da 105/28 Field Howitzer
L6/40 Light Tank Combat Group
Panzer III L Medium Tank
Panzer III L Medium Tank
Selects Territory Booby Traps
Selects Obice 305mm Barrage
Obice 305mm Barrage
Guastatori Squad
Flak 36 Anti-tank Gun Team
[AVENGERS]Walnussbär
[AVENGERS]FUnK YoU
[AVENGERS] Funz
gb_gbg
SneaKerz
abs59il
0
0
Comments
sign in to comment!
No comments posted yet!